 Dungeon Crawl Stone Soup version 0.32-a0-119-g2e8054a333 (webtiles) character file.

Game seed: 2546323346996658165

121 seren the Ruffian (level 4, -9/37 HPs)
             Began as a Draconian Shapeshifter on Feb 6, 2024.
             Splashed by a jelly's acid (10 damage)
             ... on level 4 of the Dungeon.
             The game lasted 00:04:44 (1672 turns).

seren the Ruffian (Draconian Shapeshifter)          Turns: 1672, Time: 00:04:45

Health: -9/37      AC: -7    Str: 16    XL:     4   Next: 77%
Magic:  4/4        EV: 12    Int: 11    God:
Gold:   93         SH:  0    Dex: 12    Spells: 3/3 levels left

rFire   . .          .
                       - Unarmed
rCold   . . .        (no shield)
rNeg    . . .        (body armour unavailable)
rPois   .            (helmet currently unavailable)
rElec   .            (cloak currently unavailable)
rCorr   .            (gloves currently unavailable)
SInv    +            (boots currently unavailable)
Will    .....        (no amulet)
Stlth   +            h - ring of see invisible
HPRegen 0.26/turn    (no ring)
MPRegen 0.09/turn

%: no passive effects
@: beast-form, corroded
A: beast (slay +2), AC +5, unfitting armour, cold-blooded
a: Begin Untransformation


You were on level 4 of the Dungeon.
You were a hulking beast.
You visited 1 branch of the dungeon, and saw 4 of its levels.

You collected 93 gold pieces.

Inventory:

Hand Weapons
 r - a +4 dagger
Missiles
 l - 5 boomerangs (quivered)
 m - 5 poisoned darts
Armour
 e - a +2 helmet
Jewellery
 h - a ring of see invisible (left hand)
Talismans
 b - a beast talisman (active)
 c - a flux talisman
Scrolls
 g - 2 scrolls of enchant weapon {unknown}
 i - a scroll of teleportation {unknown}
 j - a scroll of revelation {unknown}
 p - a scroll of fear {unknown}
 q - 2 scrolls of identify
Potions
 a - a potion of lignification
 d - 2 potions of heal wounds {unknown}
 f - 2 potions of curing {unknown}
 k - 2 potions of haste
 n - a potion of resistance {unknown}
 o - 2 potions of enlightenment


   Skills:
 + Level 2.6 Fighting
 + Level 2.7 Dodging
 + Level 3.8 Unarmed Combat
 + Level 3.6 Shapeshifting


You had 3 spell levels left.
You didn't know any spells.
Your spell library was empty.

Dungeon Overview and Level Annotations

Branches:
Dungeon (4/15)
 Temple: D:4-7

Altars:

Shops:
D:2 *


Innate Abilities, Weirdness & Mutations

You are a hulking beast.
Your limbs bulge with bestial killing power. (Slay +2)
Your plain brown scales are hard. (AC +5)
You cannot fit into any form of body armour.
You are cold-blooded and may be slowed by cold attacks.


Message History

The gnoll shouts!
A gnoll comes into view. It is wielding a +0 halberd.
The rat closely misses you.
The gnoll shouts!
You hit the rat.
You kill the rat!
You hear an angry hiss.
A ball python comes into view.
The gnoll attacks as it pursues you! The gnoll hits you with a +0 whip!
A gnoll comes into view. It is wielding a +0 spear.
The gnoll shouts!
The gnoll throws a stone.
The stone hits you.
The gnoll throws a stone.
The stone hits you but does no damage.
The gnoll throws a stone.
The stone hits you.
The gnoll throws a stone.
The stone closely misses you.
There is a stone staircase leading down here.
The gnoll throws a stone.
The stone hits you.
* * * LOW HITPOINT WARNING * * *
You climb downwards.
The jelly quivers.
Found 6 stones.
There is a stone staircase leading up here.
You hit the jelly. The acid corrodes you!
Your hands burn!
* * * LOW HITPOINT WARNING * * *
The jelly is moderately wounded.
You hit the jelly. The acid corrodes you!
Your hands burn!
* * * LOW HITPOINT WARNING * * *
You tail-slap the jelly, but do no damage.
The jelly is heavily wounded.
The jelly hits you.
* * * LOW HITPOINT WARNING * * *
You are splashed with acid.
* * * LOW HITPOINT WARNING * * *
You hit the jelly.
Your hands burn!
* * * LOW HITPOINT WARNING * * *
The jelly is severely wounded.
The jelly hits you.
* * * LOW HITPOINT WARNING * * *
The acid corrodes you!
You are splashed with acid!
You die...

# #. ###
#.#####.....
#.#..Jh....#
#....<####.#
#.#####


You could see a jelly.

Vanquished Creatures
  An orc wizard (D:3)
  Natasha (D:3)
  Robin (D:3)
  2 ribbon worms (D:2)
  3 orcs (D:3)
  5 bats
  4 endoplasms
  10 goblins (D:3)
  7 hobgoblins
  3 jackals (D:3)
  2 kobolds
  A quokka (D:2)
  6 ball pythons
  A frilled lizard (D:1)
  3 rats
50 creatures vanquished.

Notes
Turn   | Place    | Note
-------+----------+-------------------------------------------
     0 | D:1      | seren the Draconian Shapeshifter began the quest for the
                  | Orb.
     0 | D:1      | Reached XP level 1. HP: 16/16 MP: 1/1
    39 | D:1      | You fall into a shaft and drop 1 floor!
   134 | D:1      | Reached XP level 2. HP: 17/23 MP: 2/2
   781 | D:2      | Reached XP level 3. HP: 8/29 MP: 3/3
  1141 | D:2      | Found Xuemn's Assorted Antiques.
  1340 | D:3      | Noticed Natasha
  1345 | D:3      | Killed Natasha
  1407 | D:3      | Reached XP level 4. HP: 33/36 MP: 4/4
  1430 | D:3      | Noticed Robin
  1444 | D:3      | Killed Robin
  1672 | D:4      | HP: 1/37 [jelly (1)]
  1672 | D:4      | Splashed by a jelly's acid

Illustrated notes

Levels and vault maps discovered:
D:1:      saegor_arrival_miasma, layout_basic
D:2:      layout_basic, serial_shops, shop, minmay_misc_feat_hallway,
          hangedman_abyss_or_decor_stabs, supply_closet_lemuel
D:3:      layout_loops_ring, gammafunk_temple_overflow_pools, uniq_ijyb,
          uniq_natasha, uniq_robin
D:4:      layout_basic, wad_floor_pattern_2, minivault_26,
          nicolae_kite_square_tiling_tiny

Skill      XL: |  1  2  3 |
---------------+----------+-----
Dodging        | 2 |  2.7
Fighting       | 2 |  2.6
Unarmed Combat | |  3.8
Shapeshifting  | |  3.6

Action                     |  1- 3 |  4- 6 || total
---------------------------+-------+-------++-------
  Melee: Unarmed           |   106 |    58 ||   164
         Tailslap          |     9 |     4 ||    13
         Punch             |     3 |     2 ||     5
Ability: Begin Untransform |     1 |     1 ||     2
    Use: Scroll            |     2 |       ||     2
   Stab: Sleeping          |     1 |       ||     1
 Armour: Skin              |    52 |    24 ||    76
  Dodge: Dodged            |    71 |    36 ||   107
   Form: Beast             |     1 |     1 ||     2

Table legend: (Time is in decaauts)
 A = Elapsed time spent in this place.
 B = Non-inter-level travel time spent in this place.
 C = Inter-level travel time spent in this place.
 D = Time resting spent in this place.
 E = Time spent auto-exploring this place.
 F = Levels seen in this place.
 G = Mean time per level.
                   A        B        C        D        E       F      G
               +--------+--------+--------+--------+--------+-----+--------+
         Total |   1660 |   1625 |     35 |    234 |    936 |   4 |  415.0 |
       Dungeon |   1660 |   1625 |     35 |    234 |    936 |   4 |  415.0 |
               +--------+--------+--------+--------+--------+-----+--------+

Top non-repeatable levels by time:
     D:2: 778 daAuts
     D:1: 509 daAuts
     D:3: 368 daAuts
     D:4: 4 daAuts
